[Event "Early-Titled-Tuesday-Blitz-August-29-2023"]
[Site "Chess.com"]
[Date "2023.08.29"]
[Round "9"]
[White "Forge13"]
[Black "Gauravthegm"]
[Result "0-1"]
[WhiteElo "2627"]
[BlackElo "2429"]
[TimeControl "180+1"]
[EndTime "9:43:31 PDT"]
[Termination "Gauravthegm won by resignation"]

1. e4 c5 2. Be2 Nc6 3. f4 g6 4. Nf3 Bg7 5. O-O d6 6. c3 Nf6 7. d3 O-O 8. Kh1 Rb8 9. Be3 b5 10. a3 a5 11. Nbd2 b4 12. d4 bxc3 13. bxc3 cxd4 14.
cxd4 Ng4 15. Bg1 Bd7 16. h3 Nf6 17. d5 Nh5 18. dxc6 Ng3+ 19. Kh2 Nxf1+ 20. Nxf1 Bxa1 21. Qxa1 Bxc6 22. Ng3 Qd7 23. f5 Qb7 24. Qc1 Bxe4 25. Qh6 Bxf3 26. Bxf3 Qb2 27. fxg6 hxg6 28. Qh4 Qf6 29.
Qa4 Rb1 30. Qxa5 Rfb8 31. Qd5 Qf4 32. Qe4 Qxe4 33. Nxe4 Ra1 34. Nc3 Rxa3 35. Nd5 e6 36.
Nf6+ Kg7 37. Ne4 Ra6 38. Bd4+ e5 39. Bf2 f5 40. Nc3 e4 41. Be2 Rc6 42. Bd4+ Kf7 43.
Nd5 Rc2 44. Bf1 Rd2 45. Ba7 Rb7 46. Bc4 Rxa7 0-1

[Event "Early-Titled-Tuesday-Blitz-August-29-2023"]
[Site "Chess.com"]
[Date "2023.08.29"]
[Round "9"]
[White "HajiyevKanan"]
[Black "Xavier_mompel"]
[Result "1-0"]
[WhiteElo "2483"]
[BlackElo "2303"]
[TimeControl "180+1"]
[EndTime "9:43:31 PDT"]
[Termination "HajiyevKanan won by resignation"]

1. d4 d5 2. c4 c6 3. Nc3 Nf6 4. cxd5 cxd5 5. Bg5 e6 6. e3 Bd6 7. Bd3 Nc6 8. f4 O-O 9. Nf3 a6 10. O-O b5 11. Ne5 Bb7 12. Rc1 Rc8 13. a3 Be7 14. Qc2 h6 15. Bh4 Nxe5 16. fxe5 Ng4 17. Bxe7 Qxe7 18.
Qe2 Qg5 19. Rf4 h5 20. Rcf1 f6 21. h3 Nh6 22. exf6 Rxf6 23. Rxf6 gxf6 24. Qf3 Rf8 25. Ne2 e5 26. dxe5 d4 27. Bh7+ Kxh7 28. Qxb7+ Rf7 29. Qe4+ f5 30. Qxd4 Rg7 31. Nf4 Re7 32. e6 Ng8 33. Qd6 Rg7 34. Qxa6 Nf6 35. Qxb5 Ne4 36.
Qe5 Ng3 37. Re1 Ne4 38. a4 h4 39. a5 Qg3 40. Qxf5+ Kh8 41. Re2 Ng5 42. Qg4 Nf3+ 43. Qxf3 Qxf3 44. e7 Qg3 45. e8=Q+ Kh7 46. Qh5+ Kg8 47.
Qd5+ Kh8 48. a6 Qg5 49. Qxg5 Rxg5 1-0

[Event "Early-Titled-Tuesday-Blitz-August-29-2023"]
[Site "Chess.com"]
[Date "2023.08.29"]
[Round "9"]
[White "LiamPutnam2008"]
[Black "abhidabhi"]
[Result "1-0"]
[WhiteElo "2821"]
[BlackElo "2892"]
[TimeControl "180+1"]
[EndTime "9:43:32 PDT"]
[Termination "LiamPutnam2008 won by resignation"]

1. e4 e6 2. d4 d5 3. Nc3 Bb4 4.
e5 c5 5. a3 Bxc3+ 6. bxc3 Ne7 7. Qg4 Qc7 8. Qxg7 Rg8 9. Qxh7 cxd4 10. Ne2 Nbc6 11. f4 dxc3 12. Qd3 d4 13. Nxd4 Nxd4 14. Qxd4 Nf5 15. Qf2 Qc6 16. Rg1 Qe4+ 17. Qe2 Qd4 18. Qf2 Qa4 19. Rb1 Bd7 20. Rb4 Qc6 21. g4 Ne7 22. Rc4 Qd5 23. Rxc3 Bc6 24. Bg2 Qa5 25. Bd2 Qa4 26. Bxc6+ Nxc6 27. Qc5 O-O-O 28. Qc4 Rd4 29. Qxa4 Rxa4 30. Kf2 Kd7 31. Be3 Ne7 32. Rd3+ Nd5 33.
Rb1 b6 34. Rb4 Rxb4 35. axb4 Kc6 36. g5 Nxb4 37. Rc3+ Kd7 38. h4 Nd5 39. Rd3 Kc6 40.
c4 Ne7 41. Rd6+ Kc7 42. h5 Nf5 43. Rd3 Kc6 44. h6 a6 45. Rb3 b5 46. cxb5+ axb5 47. Rc3+ Kd7 48. Rc5 Rb8 49. h7 b4 50.
Rb5 Rh8 51. Rb7+ Kc6 52. Rxf7 b3 53. Bc1 Nh4 54. Kg3 Ng6 55. Rf6 Nf8 56. Rxf8 Rxf8 57.
g6 Kd5 58. g7 Rc8 59. g8=Q Rxc1 60. Qd8+ Ke4 61. h8=Q b2 62. Qh7+ 1-0

[Event "Early-Titled-Tuesday-Blitz-August-29-2023"]
[Site "Chess.com"]
[Date "2023.08.29"]
[Round "9"]
[White "WhiteKnight2612"]
[Black "bascheyaro"]
[Result "1-0"]
[WhiteElo "2840"]
[BlackElo "2803"]
[TimeControl "180+1"]
[EndTime "9:43:32 PDT"]
[Termination "WhiteKnight2612 won by checkmate"]

1. Nf3 d5 2. g3 Nf6 3. Bg2 Bf5 4.
O-O e6 5. d3 Be7 6. Nbd2 O-O 7.
Nh4 Bg4 8. h3 Bh5 9. g4 Nfd7 10.
Nhf3 Bg6 11. e4 c6 12. Re1 h5 13. Nf1 hxg4 14. hxg4 dxe4 15. dxe4 Nf6 16. Qxd8 Rxd8 17.
Ne5 Bh7 18. Ng3 Nbd7 19. Nxd7 Nxd7 20. g5 Ne5 21. f4 Bc5+ 22. Be3 Bxe3+ 23. Rxe3 Nc4 24.
Re2 Nxb2 25. Rb1 Rd1+ 26. Rxd1 Nxd1 27. f5 Nc3 28. Re3 Nxa2 29. Bf1 b5 30. Ra3 Nb4 31.
c3 Nc2 32. Ra6 exf5 33. exf5 Ne3 34. Bd3 Rc8 35. Rxa7 Kf8 36. g6 fxg6 37. fxg6 Bg8 38. Nh5 Rd8 39. Be4 Nd5 40. Nxg7 Nxc3 41. Bc2 Ne2+ 42.
Kf2 Nd4 43. Nh5 Ne6 44. Bf5 b4 45. Bxe6 Bxe6 46. g7+ Kg8 47. Nf6# 1-0

[Event "Early-Titled-Tuesday-Blitz-August-29-2023"]
[Site "Chess.com"]
[Date "2023.08.29"]
[Round "9"]
[White "wonderfultime"]
[Black "nihalsarin"]
[Result "0-1"]
[WhiteElo "2975"]
[BlackElo "3142"]
[TimeControl "180+1"]
[EndTime "9:43:33 PDT"]
[Termination "nihalsarin won by resignation"]

1. d4 d5 2. Nf3 Nf6 3. Bg5 Ne4 4. Bf4 c5 5. c3 Nc6 6. e3 cxd4 7. exd4 Bf5 8. Qb3 Qd7 9. Nbd2 Nxd2 10. Nxd2 a6 11. Be2 e6 12. O-O Be7 13. Rfe1 O-O 14.
Nf3 h6 15. Qd1 b5 16. Bd3 Bxd3 17. Qxd3 b4 18. Ne5 Nxe5 19. Bxe5 bxc3 20. bxc3 Bd6 21.
h3 Rfc8 22. Rab1 Rc6 23. Bxd6 Qxd6 24. Rb3 Rac8 25. Reb1 Rc4 26. g3 a5 27. Qf3 Qf8 28.
Rb7 Rxc3 29. Qf4 R3c4 30. Ra7 Rb4 31. Rxb4 axb4 32. Rb7 Ra8 33. h4 h5 34. Kg2 g6 35.
Qc7 Rc8 36. Qf4 Ra8 37. Qc7 Qg7 38. Rxb4 Rxa2 39. Rb8+ Kh7 40. Qd8 Rd2 41. Rb7 g5 42.
hxg5 Kg6 43. Qd6 Qxd4 44. Rxf7 Kxf7 45. Qc6 0-1

[Event "Early-Titled-Tuesday-Blitz-August-29-2023"]
[Site "Chess.com"]
[Date "2023.08.29"]
[Round "9"]
[White "EvgenyBurmakin"]
[Black "ErikRonka"]
[Result "0-1"]
[WhiteElo "2298"]
[BlackElo "2505"]
[TimeControl "180+1"]
[EndTime "9:43:36 PDT"]
[Termination "ErikRonka won on time"]

1. e4 c5 2. Nc3 e6 3. Nf3 d6 4.
d4 cxd4 5. Nxd4 Nf6 6. Be3 a6 7.
g4 h6 8. h3 b5 9. a3 Bb7 10. Bg2 Qc7 11. O-O Be7 12. Re1 Nbd7 13.
Qe2 O-O 14. Rad1 Rfe8 15. f4 Nh7 16. Qf2 Rac8 17. h4 Ndf6 18. Bf3 e5 19. Nf5 Bf8 20. g5 Nd7 21. gxh6 g6 22. Kh1 exf4 23. Bxf4 Ne5 24. h5 Kh8 25. Rg1 Nf6 26. hxg6 Nxg6 27. Bg5 Nxe4 28.
Nxe4 Bxe4 29. Bxe4 Rxe4 30. Bf6+ Kh7 31. Rd3 Qc6 32. Qg2 Rc4 33. c3 Qxg2+ 34. Rxg2 Nf4 35. Rdg3 Nxg2 36. Kxg2 Bxh6 37. Rh3 Kg6 38. Nxh6 Kxf6 0-1

[Event "Early-Titled-Tuesday-Blitz-August-29-2023"]
[Site "Chess.com"]
[Date "2023.08.29"]
[Round "9"]
[White "Chessbard1972"]
[Black "albi1999"]
[Result "0-1"]
[WhiteElo "2557"]
[BlackElo "2680"]
[TimeControl "180+1"]
[EndTime "9:43:37 PDT"]
[Termination "albi1999 won on time"]

1. d4 Nf6 2. c4 e6 3. Nf3 c5 4. d5 exd5 5. cxd5 d6 6. Nc3 g6 7.
Nd2 Bg7 8. Nc4 O-O 9. Bf4 Nbd7 10. Bxd6 Re8 11. e3 Nb6 12. Bxc5 Nbxd5 13. Bd4 Be6 14. Be2 Rc8 15. Ne5 Nxc3 16. Bxc3 Nd5 17. Bd4 Qa5+ 18.
Qd2 Nb4 19. O-O Rc2 20. Qd1 Bxe5 21. a3 Bxd4 22. axb4 Qc7 23. exd4 Rxb2 24. Bf3 Rxb4 25. Rxa7 Rd8 26. d5 Qb6 27. Ra2 Rd4 28. Rd2 Rxd2 29.
Qxd2 Bf5 30. h3 h5 31. Re1 Qc5 32. Qg5 Qd6 33. g4 hxg4 34. hxg4 Bc8 35. Kg2 Kg7 36. Rh1 Rh8 37. Rxh8 Kxh8 38. Qh6+ Kg8 39. Qe3 Bd7 40. Qd4 b5 41. g5 b4 42. Qc4 Qe5 43. Qxb4 Qxg5+ 44. Kf1 Qf5 0-1

[Event "Early-Titled-Tuesday-Blitz-August-29-2023"]
[Site "Chess.com"]
[Date "2023.08.29"]
[Round "9"]
[White "Apocalyps999"]
[Black "Tsyhanchuk_Stanislav"]
[Result "1-0"]
[WhiteElo "2330"]
[BlackElo "2414"]
[TimeControl "180+1"]
[EndTime "9:43:37 PDT"]
[Termination "Apocalyps999 won by checkmate"]

1. e4 c5 2. c3 e6 3. d4 d5 4.
exd5 exd5 5. Nf3 Nc6 6. Bb5 Nf6 7. O-O Be7 8. dxc5 Bxc5 9. Re1+ Be6 10. Nd4 O-O 11.
Bxc6 Bxd4 12. Qxd4 bxc6 13. Bg5 h6 14. Bh4 g5 15.
Bg3 Ne4 16. f3 Nxg3 17. hxg3 Qd6 18. f4 f6 19. Nd2 c5 20. Qd3 Bf7 21. Ne4 Qb6 22.
Nf2 Kg7 23. b3 Rfe8 24. Qf3 c4 25. b4 d4 26. cxd4 Qxd4 27. Kh2 c3 28. Red1 Qxb4 29. Rab1 Qc4 30. Rbc1 Rac8 31. Rd7 c2 32. Ng4 h5 33. fxg5 hxg4 34. Qxf6+ Kg8 35. g6 Rf8 36. gxf7+ Rxf7 37. Qg6+ Kf8 38. Qd6+ Kg8 39. Qg6+ Kf8 40. Qh6+ Ke8 41. Rxf7 Qxf7 42. Re1+ Kd7 43. Qd2+ Kc7 44. Qxc2+ Kb7 45. Rb1+ Ka6 46. Qa4# 1-0

[Event "Early-Titled-Tuesday-Blitz-August-29-2023"]
[Site "Chess.com"]
[Date "2023.08.29"]
[Round "9"]
[White "hakanazeri2"]
[Black "Zampronha1971"]
[Result "1-0"]
[WhiteElo "2673"]
[BlackElo "2277"]
[TimeControl "180+1"]
[EndTime "9:43:37 PDT"]
[Termination "hakanazeri2 won by checkmate"]

1. b4 Nf6 2. Bb2 e6 3. a3 Be7 4.
Nf3 O-O 5. e3 a5 6. Be2 axb4 7.
axb4 Rxa1 8. Bxa1 Bxb4 9. O-O Be7 10. c4 b6 11. d4 Bb7 12. Nc3 d6 13. Nd2 Nbd7 14.
e4 e5 15. d5 Nc5 16. f3 Ne8 17. Bb2 Bg5 18. Ba3 Qa8 19. Bxc5 bxc5 20. Nb3 Be3+ 21.
Kh1 Bd4 22. Nb5 Ba6 23. N5xd4 cxd4 24. Na5 Nf6 25. Bd3 Nd7 26. Nc6 Nc5 27. h3 Bb7 28.
Ne7+ Kh8 29. f4 Qa3 30. Rf3 Ba6 31. fxe5 dxe5 32. Bb1 Qb4 33. Nc6 Qxc4 34. Nxe5 Qe2 35. Nxf7+ Kg8 36. Nh6+ gxh6 37. Rg3+ Kf7 38. Qxd4 Qe1+ 39.
Kh2 Qxb1 40. Rg7+ Ke8 41. Qe5+ Kd8 42. Qe7+ Kc8 43. Qxf8+ Kb7 44. Qxc5 Qxe4 45. Qxc7+ Ka8 46. Qd8+ Bc8 47. Qxc8# 1-0

[Event "Early-Titled-Tuesday-Blitz-August-29-2023"]
[Site "Chess.com"]
[Date "2023.08.29"]
[Round "9"]
[White "jk13"]
[Black "djano"]
[Result "1/2-1/2"]
[WhiteElo "2663"]
[BlackElo "2540"]
[TimeControl "180+1"]
[EndTime "9:43:38 PDT"]
[Termination "Game drawn by repetition"]

1. e4 c5 2. c3 e5 3. Nf3 Nc6 4. Bc4 Nf6 5. d3 Be7 6. O-O O-O 7. a4 d6 8. Nbd2 Nd7 9. Re1 Kh8 10. Nf1 Nb6 11. Ba2 f5 12. h3 f4 13. d4 cxd4 14.
cxd4 Nxd4 15. Nxd4 exd4 16. Nh2 Nd7 17. b4 Ne5 18.
Bb2 d3 19. Nf3 Bf6 20. Rb1 a5 21. b5 Qe8 22. Bxe5 Bxe5 23. Qxd3 b6 24. Bd5 Ra7 25. Rbc1 Be6 26. Bxe6 Qxe6 27. Rc6 Qa2 28. Qc4 Qa3 29. Rd1 Raa8 30. Rxb6 h6 31. Rc6 Rab8 32. Rc7 Bf6 33. Kh2 Rfe8 34. Rd5 Qa1 35. Rf5 Qb2 36. Qc2 Qxc2 37. Rxc2 Rxe4 38. Ra2 Rb4 39. Rd5 Rb6 40. h4 Kg8 41. h5 Kf7 42. Kh3 Ke6 43. Rd1 d5 44.
Re2+ Re4 45. Rc2 Rc4 46. Re2+ Re4 47. Ra2 Rc4 48. Kg4 Rb8 49. Rb1 Rb7 50. Re2+ Re4 51. Ra2 Rc4 52. Rb3 Re4 53. Rb1 Rc4 1/2-1/2

[Event "Early-Titled-Tuesday-Blitz-August-29-2023"]
[Site "Chess.com"]
[Date "2023.08.29"]
[Round "9"]
[White "Arteler"]
[Black "jcreyes69"]
[Result "1-0"]
[WhiteElo "2238"]
[BlackElo "2369"]
[TimeControl "180+1"]
[EndTime "9:43:38 PDT"]
[Termination "Arteler won by checkmate"]

1. e4 c6 2. Nc3 d5 3. Qf3 dxe4 4.
Nxe4 Nf6 5. Bc4 e6 6. Ne2 Nbd7 7.
d4 Nxe4 8. Qxe4 Nf6 9. Qf3 Bd6 10. c3 h6 11. h4 Qe7 12. Be3 Bd7 13. O-O-O O-O-O 14.
g4 e5 15. g5 hxg5 16. hxg5 Rxh1 17. Rxh1 Ng4 18. Bd2 exd4 19. Nxd4 Ne5 20. Qe2 Bg4 21.
f3 Nxc4 22. Qxc4 Bd7 23. Re1 Qf8 24. Nb5 Kb8 25. Nxd6 Be6 26. Rxe6 fxe6 27. Bf4 Rxd6 28. Qd4 Kc7 29. a4 Kd7 30. Bxd6 Qxd6 31. Qxg7+ Kc8 32.
Qd4 Qf8 33. f4 Qf5 34. Qh8+ Kd7 35. Qd4+ Kc8 36. Kd2 Qg4 37. Kc2 Qe2+ 38. Kb3 a5 39. Qc4 Qg4 40. Ka2 Kc7 41. Qd4 Kc8 42. Qe5 Kd8 43.
Qf6+ Kc8 44. g6 Qf3 45. Qxe6+ Kc7 46. f5 Qg2 47. Qe5+ Kb6 48. Qd4+ Ka6 49. g7 b5 50.
axb5+ Kxb5 51. f6 Qg4 52. Qxg4 a4 53. g8=Q c5 54. Qd7+ Ka5 55. Qc4 Kb6 56. Qdb5+ Ka7 57.
Qcxc5+ Ka8 58. Qcc6+ Ka7 59. Qbb7# 1-0

[Event "Early-Titled-Tuesday-Blitz-August-29-2023"]
[Site "Chess.com"]
[Date "2023.08.29"]
[Round "9"]
[White "ahkashefi2800"]
[Black "LangesNasenhaar"]
[Result "0-1"]
[WhiteElo "2580"]
[BlackElo "2491"]
[TimeControl "180+1"]
[EndTime "9:43:39 PDT"]
[Termination "LangesNasenhaar won on time"]

1. e4 g6 2. d4 Bg7 3. Nf3 c6 4. c4 d5 5. exd5 cxd5 6. Nc3 Nf6 7. cxd5 O-O 8. Bc4 b5 9. Bxb5 Nxd5 10. O-O Bb7 11. Bc4 Nxc3 12. bxc3 Qc7 13. Qe2 Bxf3 14. Qxf3 Nc6 15. Bf4 e5 16. Bg3 Na5 17. Bd5 Rad8 18. Rfe1 Qd7 19. Be4 exd4 20. cxd4 Qa4 21. Be5 Nc4 22. Bxg7 Kxg7 23. d5 Nd6 24. Bd3 Kg8 25. Qg3 Qd4 26. Rad1 Qf6 27. Qe5 Qh4 28. Qg3 Qf6 29.
Qe5 Qh4 30. Bf1 Qh6 31. Qe3 Qg7 32. Qd4 Nf5 33. Qxg7+ Kxg7 34. f3 Rd6 35. Kf2 Rfd8 36. Bc4 Kf6 37. Bb3 Ne7 38. Re4 Nf5 39. Re2 Rb6 40.
Red2 Nd6 41. Rc2 Rb4 42. Rc6 Rb6 43. g3 Rd7 0-1

[Event "Early-Titled-Tuesday-Blitz-August-29-2023"]
[Site "Chess.com"]
[Date "2023.08.29"]
[Round "9"]
[White "SAInt_666"]
[Black "fireheart92"]
[Result "0-1"]
[WhiteElo "2675"]
[BlackElo "2941"]
[TimeControl "180+1"]
[EndTime "9:43:40 PDT"]
[Termination "fireheart92 won by checkmate"]

1. e4 c5 2. Nf3 d6 3. Bb5+ Bd7 4. Bxd7+ Nxd7 5. O-O Ngf6 6. Qe2 e6 7. c3 Be7 8. d4 O-O 9. Rd1 Rc8 10. e5 Ne8 11.
exd6 Nxd6 12. dxc5 Rxc5 13. Bf4 Nf5 14. Nbd2 Qc8 15. Ne4 Rc6 16. Rd2 h6 17. Rad1 Nf6 18. Ne5 Nxe4 19. Qxe4 Rd6 20. Ng6 Rxd2 21. Nxe7+ Nxe7 22. Rxd2 Nd5 23. Bg3 Rd8 24. Qd4 b5 25. h3 Rd7 26. Qe5 a6 27. Kh2 Qc6 28. Rd4 f6 29.
Qe4 Kf7 30. c4 bxc4 31. Rxc4 Qb6 32. b3 Qb5 33. Rc8 Ne7 34. Rc4 Qd5 35. Qe2 Nc6 36.
Rc1 Nd4 37. Qxa6 h5 38. h4 g5 39. hxg5 fxg5 40. Rc7 Rxc7 41. Bxc7 h4 42. Qd6 Qe4 43. Qd7+ Kg6 44. Qe8+ Kg7 45. Qe7+ Kg6 46. Qd6 h3 47.
Qg3 hxg2 48. Qxg2 Nf3+ 49. Kh1 Qb1+ 50. Qg1 Qxg1# 0-1

[Event "Early-Titled-Tuesday-Blitz-August-29-2023"]
[Site "Chess.com"]
[Date "2023.08.29"]
[Round "9"]
[White "angryspacevoid"]
[Black "Druid24"]
[Result "1-0"]
[WhiteElo "2553"]
[BlackElo "2656"]
[TimeControl "180+1"]
[EndTime "9:43:42 PDT"]
[Termination "angryspacevoid won on time"]

1. e4 c6 2. d4 d5 3. f3 e5 4. dxe5 Bc5 5. exd5 Qb6 6. Bc4 Bxg1 7.
Qe2 Bc5 8. Nc3 Ne7 9. d6 Nf5 10.
Bd2 Nd4 11. Qe4 Bf5 12. Qf4 Qxb2 13. Rc1 Nxc2+ 14. Kd1 Nd4 15. Na4 Bc2+ 16. Ke1 Qxc1+ 17. Bxc1 Bb4+ 18. Bd2 Bxd2+ 19. Kxd2 O-O 20. Nc3 c5 21. h4 Nbc6 22. h5 h6 23. Nd5 Rae8 24. Re1 Bh7 25. g4 b5 26. Bd3 Bxd3 27. Kxd3 Re6 28. Qg3 Rfe8 29. f4 f6 30. Nc7 fxe5 31. Nxe8 Rxe8 32. fxe5 Rf8 33. Re3 c4+ 34. Ke4 Ne6 35. Kd5 Ncd8 36.
Rf3 Re8 37. d7 Re7 38. Kd6 Rf7 39. Rxf7 Kxf7 40. Qf3+ Kg8 41. Ke7 b4 42. Qd5 c3 43.
Qb3 Kh7 44. a3 a5 45. axb4 axb4 46. Qxb4 Nc6+ 47. Kxe6 c2 48. Qe4+ Kh8 49. Qxc6 c1=Q 50. d8=Q+ Kh7 51. Qxc1 1-0

[Event "Early-Titled-Tuesday-Blitz-August-29-2023"]
[Site "Chess.com"]
[Date "2023.08.29"]
[Round "9"]
[White "JoshuaGK27"]
[Black "DKmirl"]
[Result "0-1"]
[WhiteElo "2401"]
[BlackElo "2270"]
[TimeControl "180+1"]
[EndTime "9:43:42 PDT"]
[Termination "DKmirl won on time"]

1. e4 c5 2. Nf3 Nc6 3. d4 cxd4 4. Nxd4 Nf6 5. Nc3 e5 6. Ndb5 d6 7. Nd5 Nxd5 8. exd5 Nb8 9. c4 Be7 10. Bd3 O-O 11. O-O f5 12. c5 a6 13. cxd6 Bxd6 14.
Nxd6 Qxd6 15. Be2 b5 16. a4 b4 17. Qb3 Bb7 18. Rd1 a5 19. Be3 f4 20. Bd2 Nd7 21.
Rac1 Nc5 22. Qa2 Kh8 23. Be1 e4 24. f3 e3 25. Rd4 Rac8 26. Rcd1 h6 27. b3 Rc7 28. Qb2 Rfc8 29. g3 Nxa4 30. Qa1 Nc3 31. Bxc3 Rxc3 32. Qxa5 Rc2 33. Qb5 Rxe2 34. Qxe2 g5 35.
gxf4 gxf4 36. Qd3 Rg8+ 37. Kf1 Qd7 38. Rc4 Qh3+ 39. Ke1 Qxh2 40. Qf1 Rg1 41. Qxg1 Qxg1+ 42. Ke2 Qf2+ 43. Kd3 Qxf3 44. Re1 Qxd5+ 45. Ke2 Ba6 46. Kf1 Bxc4+ 47. bxc4 Qxc4+ 0-1

[Event "Early-Titled-Tuesday-Blitz-August-29-2023"]
[Site "Chess.com"]
[Date "2023.08.29"]
[Round "9"]
[White "crescentmoon2411"]
[Black "AlexanderL"]
[Result "1/2-1/2"]
[WhiteElo "3019"]
[BlackElo "2852"]
[TimeControl "180+1"]
[EndTime "9:43:43 PDT"]
[Termination "Game drawn by repetition"]

1. d4 e6 2. c4 b6 3. e4 Bb4+ 4. Bd2 Bxd2+ 5. Qxd2 d5 6. cxd5 exd5 7. e5 Ne7 8. Nc3 O-O 9. Bd3 c5 10. Nge2 Nbc6 11.
f4 c4 12. Bb1 a6 13. O-O f5 14. b3 b5 15. bxc4 dxc4 16. d5 b4 17. d6 bxc3 18.
Qxc3 Qb6+ 19. Kh1 Nd5 20. Qxc4 Be6 21. Bc2 Rac8 22. Bb3 Na5 23. Qd4 Nxb3 24. Qxb6 Nxb6 25. axb3 Nd7 26. Nd4 Kf7 27. Rxa6 Rc3 28. Ra7 Rfc8 29. h3 Rd3 30. Nf3 h6 31. Rfa1 Rxb3 32. Nd4 Rb4 33.
Rc7 Rcb8 34. Nc6 Rb1+ 35. Rxb1 Rxb1+ 36. Kh2 Kg8 37. Nd4 Nf8 38. Nxe6 Nxe6 39. Re7 Nf8 40. d7 Rd1 41. e6 Nxe6 42. Rxe6 Rxd7 43. Re5 Rf7 44.
Kg3 g6 45. Kf3 Kg7 46. g4 fxg4+ 47. hxg4 Ra7 48. Re3 Rb7 49. Kg3 Ra7 50. Rf3 Rb7 51. Kh4 Ra7 52. Kg3 Rb7 53. Kh4 Ra7 54.
Kg3 1/2-1/2

[Event "Early-Titled-Tuesday-Blitz-August-29-2023"]
[Site "Chess.com"]
[Date "2023.08.29"]
[Round "9"]
[White "workhard91"]
[Black "Let_it_be_1"]
[Result "0-1"]
[WhiteElo "2451"]
[BlackElo "2624"]
[TimeControl "180+1"]
[EndTime "9:43:45 PDT"]
[Termination "Let_it_be_1 won on time"]

1. e4 e6 2. d4 d5 3. Nc3 Nf6 4. e5 Ne4 5. Nxe4 dxe4 6. Ne2 c5 7. Be3 Nc6 8. dxc5 Qc7 9. c3 Nxe5 10. Ng3 Bxc5 11.
Bxc5 Qxc5 12. Nxe4 Qb6 13. Qd6 Qxd6 14. Nxd6+ Ke7 15. Nxc8+ Raxc8 16. O-O-O Ng4 17. Bb5 Rhd8 18. Rxd8 Rxd8 19. f3 Ne3 20. g3 a6 21. Be2 g5 22.
Re1 Rd6 23. a3 Nf5 24. Kc2 h5 25. Bd3 Kf6 26. Re4 h4 27. g4 Ne7 28. f4 Nd5 29.
fxg5+ Kxg5 30. h3 Nf4 31. Re5+ f5 32. Bxf5 Nxh3 33. Bxe6+ Kf4 34. Rf5+ Kg3 35. Bd5 Nf4 36. Bxb7 h3 37. g5 h2 38. Rf8 Rb6 39. Ba8 Rg6 40.
Rh8 Rxg5 41. c4 Ng2 42. b4 Ne3+ 43. Kb3 Rg4 44. c5 Nc4 45. Rh7 Ne5 46. a4 Rh4 47. Rg7+ Kf2 48. b5 axb5 49. axb5 Nf3 50. Rf7 Rh3 0-1

[Event "Early-Titled-Tuesday-Blitz-August-29-2023"]
[Site "Chess.com"]
[Date "2023.08.29"]
[Round "9"]
[White "FairChess_on_YouTube"]
[Black "amintabatabaei"]
[Result "0-1"]
[WhiteElo "3045"]
[BlackElo "2971"]
[TimeControl "180+1"]
[EndTime "9:43:46 PDT"]
[Termination "amintabatabaei won on time"]

1. d4 Nf6 2. c4 e6 3. Nf3 d5 4. Bg5 h6 5. Bxf6 Qxf6 6. e3 c6 7. Nbd2 Nd7 8. Bd3 g6 9. O-O Bg7 10. e4 O-O 11. e5 Qe7 12. c5 b6 13. b4 a5 14. a3 g5 15. h3 f6 16. exf6 Qxf6 17. Re1 axb4 18. axb4 Rxa1 19. Qxa1 bxc5 20. bxc5 Nxc5 21. Bc2 h5 22. Qa8 g4 23. hxg4 hxg4 24. dxc5 gxf3 25. Nxf3 Qc3 26. Re2 Qxc5 27. Qb8 e5 28.
Nxe5 Bg4 29. Qxf8+ Bxf8 30. Nxg4 Qd4 31. Ne5 Bd6 32.
Nf3 Qc3 33. Bf5 d4 34. Re1 c5 35. Rd1 Bf8 36. Be4 Bg7 37. g3 c4 38. Bd5+ Kf8 39. Nd2 Qc2 40. Bf3 d3 41. Ne4 c3 42.
Kg2 Qxd1 43. Bxd1 c2 0-1

[Event "Early-Titled-Tuesday-Blitz-August-29-2023"]
[Site "Chess.com"]
[Date "2023.08.29"]
[Round "9"]
[White "ValentunHulka"]
[Black "HansOnTwitch"]
[Result "1/2-1/2"]
[WhiteElo "2763"]
[BlackElo "2903"]
[TimeControl "180+1"]
[EndTime "9:43:46 PDT"]
[Termination "Game drawn by repetition"]

1. d4 Nf6 2. c4 g6 3. Nc3 Bg7 4. e4 d6 5. h3 O-O 6. Nf3 e5 7. d5 a5 8. Be3 Na6 9. g4 Nc5 10.
Nd2 c6 11. Be2 a4 12. Qc2 Qa5 13. g5 Nfxe4 14. Ncxe4 Nxe4 15. Qxe4 Bf5 16. Qg2 e4 17. O-O cxd5 18. cxd5 Qxd5 19. Rad1 Qxa2 20. Nxe4 Qe6 21. Nf6+ Bxf6 22. gxf6 a3 23. Qg5 Kh8 24. bxa3 Bxh3 25.
Rfe1 Ra4 26. Bf4 Qe4 27. Bf1 Qf3 28. Bxh3 Qxh3 29. Qh6 Qg4+ 30. Bg3 Rg8 31. Rxd6 Rxa3 32. Re3 Rxe3 33. Qxe3 Rc8 34. Qd2 Re8 35. Rd8 Qe6 36.
Rxe8+ Qxe8 37. Qh6 Qg8 38. Bd6 g5 39. Bf8 Qg6 40. Qxg6 hxg6 41. Bb4 Kh7 42. Bc3 Kh6 43. Kg2 g4 44. Kg3 Kg5 45. Bb2 Kf5 46. Bc3 Kg5 47. Bb2 b5 48. Bc3 Kf5 49. Bb2 b4 50. Ba1 b3 51. Bb2 Kg5 52. Bc3 Kf5 53. Bb2 Kg5 54.
Bc3 Kf5 55. Bb2 1/2-1/2

[Event "Early-Titled-Tuesday-Blitz-August-29-2023"]
[Site "Chess.com"]
[Date "2023.08.29"]
[Round "9"]
[White "salzikis"]
[Black "parintele_chess"]
[Result "1/2-1/2"]
[WhiteElo "2396"]
[BlackElo "2235"]
[TimeControl "180+1"]
[EndTime "9:43:46 PDT"]
[Termination "Game drawn by agreement"]

1. e4 e5 2. Nf3 Nc6 3. Nc3 Nf6 4. Bb5 Nd4 5. Bc4 Nxf3+ 6. Qxf3 d6 7. h3 Be7 8. d3 h6 9. Be3 c6 10. Bb3 b5 11. d4 a5 12. dxe5 dxe5 13. a4 b4 14. Ne2 Ba6 15. O-O O-O 16. Rfd1 Qc7 17. Ng3 c5 18.
Bd5 Nxd5 19. Rxd5 Bb7 20. Rd2 Rad8 21. Rxd8 Rxd8 22. Nf5 Bf8 23. Re1 Qc6 24. Qg4 Kh7 25. Ng3 Bc8 26. Qf3 Be6 27. b3 c4 28. Rc1 cxb3 29. cxb3 Qd7 30. Bb6 Rc8 31. Rxc8 Qxc8 32. Bxa5 Qc1+ 33. Kh2 Qb1 34. Bc7 Qxb3 35. Qxb3 Bxb3 36.
a5 f6 37. a6 Bc5 38. Ne2 Bc4 39. Nc1 Bxf2 40. Bb8 Be3 41. a7 Bxa7 42. Bxa7 b3 43.
Nxb3 Bxb3 44. Kg3 Bc2 45. Kf3 g6 46. g4 Kg7 47. Bb8 Kf7 48. Bc7 Ke6 49. Bb8 Bd1+ 50. Kg3 Be2 51. Bc7 f5 52. exf5+ gxf5 53. gxf5+ Kxf5 54. Bb6 Ke4 55. Kf2 Bh5 56. Be3 Bg6 57. Bxh6 Kf5 58.
h4 Kg4 59. Bg5 e4 60. Ke3 Kh5 61. Bf6 Bf5 62. Kf4 Bh7 63. Bg5 e3 64. Kxe3 Bg6 65. Kf4 Be8 66. Ke5 Bb5 67. Bf6 Ba4 68.
Kf4 Bb3 69. Ke3 Ba4 1/2-1/2

[Event "Early-Titled-Tuesday-Blitz-August-29-2023"]
[Site "Chess.com"]
[Date "2023.08.29"]
[Round "9"]
[White "DenLaz"]
[Black "Andreikka"]
[Result "1-0"]
[WhiteElo "3067"]
[BlackElo "3032"]
[TimeControl "180+1"]
[EndTime "9:43:49 PDT"]
[Termination "DenLaz won on time"]

1. d4 d5 2. c4 e6 3. Nf3 a6 4.
cxd5 exd5 5. Nc3 c6 6. Qc2 Be7 7. Bf4 Nf6 8. e3 Nbd7 9. Bd3 Nf8 10. h3 Ne6 11. Bh2 Bd6 12. Bxd6 Qxd6 13. O-O O-O 14. Rad1 g6 15. Na4 Bd7 16. Ne5 Rae8 17. f4 Ng7 18.
g4 Bc8 19. Qf2 Ne4 20. Bxe4 dxe4 21. Nc3 f6 22. Nc4 Qc7 23. Qe2 Kh8 24. d5 cxd5 25. Nxd5 Qc6 26. Nc3 Rd8 27. Na5 Qb6 28. Nb3 f5 29. g5 Be6 30. Nd4 Bf7 31. Qf2 Qc7 32. Rc1 Qe7 33. b3 h6 34. h4 Kh7 35. Kg2 Rd7 36.
Nce2 Rfd8 37. Rh1 Nh5 38. Rhd1 Ng7 39. Ng3 Rc7 40. Rxc7 Qxc7 41. gxh6 Kxh6 42. Rh1 Rxd4 43. exd4 Bd5 44. Qe3 Ne6 45. Ne2 Qc2 46. Kf2 1-0

[Event "Early-Titled-Tuesday-Blitz-August-29-2023"]
[Site "Chess.com"]
[Date "2023.08.29"]
[Round "9"]
[White "rasmussvane"]
[Black "GMG"]
[Result "1-0"]
[WhiteElo "2982"]
[BlackElo "2746"]
[TimeControl "180+1"]
[EndTime "9:43:49 PDT"]
[Termination "rasmussvane won on time"]

1. Nf3 e6 2. g3 b5 3. Bg2 Bb7 4. O-O Nf6 5. d3 d6 6. e4 Nbd7 7. a4 b4 8. Nbd2 a5 9. Nc4 Be7 10. Re1 O-O 11. Bd2 Nc5 12. Qe2 Re8 13. e5 Nd5 14. d4 Nd7 15. Qe4 dxe5 16. dxe5 Nc5 17.
Qg4 Nb6 18. Bh6 Bf8 19. Rad1 Qc8 20. Nxb6 cxb6 21. h4 Qc7 22. h5 Kh8 23. Be3 h6 24. b3 Rad8 25. Nd4 Bxg2 26. Kxg2 Rd5 27. Nb5 Qb7 28.
Qf3 Red8 29. Bxc5 Bxc5 30. Rd3 R8d7 31. Red1 Rxd3 32. Rxd3 Qxf3+ 33. Kxf3 Rxd3+ 34. cxd3 f6 35. d4 Be7 36. Nc7 fxe5 37. dxe5 Kg8 38. Ke4 Kf7 39.
f4 Bc5 40. g4 Ke7 41. f5 exf5+ 42. gxf5 Kd7 43. Nb5 Kc6 44. Nd4+ Kd7 45. Ne6 Bf2 46.
Nxg7 b5 47. axb5 a4 48. bxa4 b3 49. Kd3 Bd4 50. Ne6 Bxe5 51. Nc5+ Ke7 52. Nxb3 Kf6 53. Ke4 1-0